 Dungeon Crawl Stone Soup version 0.17-a0-2073-gde5cdba (webtiles) character file.

590 derrpe the Chiller (level 6, 0/50 HPs)
             Began as a Demigod Ice Elementalist on Oct 14, 2015.
             Slain by a gnoll
             ... wielding a +0 halberd
              (4 damage)
             ... on level 4 of the Dungeon.
             The game lasted 00:08:48 (4200 turns).

derrpe the Chiller (Demigod Ice Elementalist)       Turns: 4200, Time: 00:08:48

Health: 0/50       AC:  4    Str: 11    XL:     6   Next: 93%
Magic:  0/14       EV: 13    Int: 23    God:
Gold:   101        SH:  0    Dex: 16    Spells: 3 memorised, 3 levels left

rFire  . . .     SeeInvis .     k - +0 rapier
rCold  . . .     Clarity  .     o - +2 robe {Archmagi}
rNeg   . . .     SustAt   +     (no shield)
rPois  .         Gourm    .     C - +0 hat
rElec  .         Spirit   .     (no cloak)
rCorr  .         Warding  .     (no gloves)
rMut   .         Stasis   .     (no boots)
MR     .....                    (no amulet)
Stlth  ++........               (no ring)
                                t - ring of wizardry

@: drained, not resistant to hostile enchantments, unstealthy
A: high mp 1, sustain attributes
a: no special abilities


You were on level 4 of the Dungeon.
You were hungry.

You visited 1 branch of the dungeon, and saw 4 of its levels.

You collected 198 gold pieces.
You spent 97 gold pieces at shops.

Inventory:

Hand Weapons
 d - a +0 spear
 k - a +0 rapier (weapon)
Missiles
 a - 16 bolts
 g - 32 sling bullets
 h - 46 arrows
 j - 9 poisoned needles
 m - 135 stones
 p - 16 arrows of frost
 s - 6 silver tomahawks
 x - 6 exploding sling bullets
 z - 9 tomahawks (quivered)
Armour
 o - a +2 robe of the Archmagi (worn)
 C - a +0 hat (worn)
Jewellery
 t - a ring of wizardry (left hand)
Scrolls
 e - 2 scrolls of remove curse
 i - 4 scrolls of identify
 l - a scroll of blinking {unknown}
 n - a scroll of amnesia {unknown}
Potions
 q - a potion of might
 w - 2 potions of degeneration {unknown}
 A - a potion of resistance {unknown}
Books
 b - a book of Frost

   Spells                             Type                      Level
   a - Freeze                         Ice                          1
   b - Throw Frost                    Conjuration/Ice              2
   c - Ozocubu's Armour               Charms/Ice                   3
   d - Throw Icicle                   Conjuration/Ice              4
   e - Summon Ice Beast               Ice/Summoning                4
   f - Condensation Shield            Ice                          4
Comestibles
 c - 4 bread rations {@e1}
 f - 3 chunks of flesh {@w0}
 r - a meat ration {@e2}


   Skills:
 + Level 2.9(2.3) Fighting
 + Level 1.0(0.5) Short Blades
 + Level 3.3(2.8) Dodging
 - Level 1.7(1.2) Stealth
 + Level 3.3(2.7) Spellcasting
   Level 0.8(0.3) Conjurations
 * Level 5.0(4.5) Ice Magic


You had 3 spell levels left.
You knew the following spells:

 Your Spells              Type           Power        Failure   Level  Hunger
a - Freeze                Ice            ####         1%          1    None
b - Ozocubu's Armour      Chrm/Ice       ###.....     7%          3    ###....
c - Condensation Shield   Ice            #####.....   9%          4    ####...


Dungeon Overview and Level Annotations

Branches:
Dungeon (4/15)
 Temple: D:4-7

Shops:
D:4 ?

Annotations:
D:2 1 runed door


Innate Abilities, Weirdness & Mutations

You have an increased reservoir of magic (+10% MP).
Your attributes are resistant to harm.


Message History

Unknown command.
Drink which item? (? for menu, Esc to quit)
Okay, then.
You aren't carrying any items that can be evoked without being wielded.
Unknown command.
Read which item? (? for menu, Esc to quit)
Okay, then.
Throwing (i - inventory. (,) - cycle):
z - 11 tomahawks (quivered)
Press: ? - help, Shift-Dir - straight line, f/p - gnoll
Aim: a gnoll, wielding a halberd (heavily wounded)
You throw a tomahawk.
The tomahawk hits the gnoll but does no damage.
The gnoll is heavily wounded.
Throwing (i - inventory. (,) - cycle):
z - 10 tomahawks (quivered)
Press: ? - help, Shift-Dir - straight line, f/p - gnoll
Aim: a gnoll, wielding a halberd (heavily wounded)
You throw a tomahawk. The tomahawk hits the gnoll.
The gnoll is severely wounded.
The gnoll hits you with a halberd.
You die...

#########
#g....... #@#
#)# #.#
############.#
#............#
#.....########
#.....#
#.....#
#.....####


You could see a gnoll.

Vanquished Creatures
  Sigmund (D:2)
  A wight (D:3)
  An orc priest (D:4)
  2 orc wizards
  A gnoll shaman (D:4)
  Ijyb (D:4)
  A hound (D:4)
  A human skeleton (D:2)
  A worker ant (D:4)
  5 adders
  3 gnolls (D:4)
  An ooze (D:3)
  A worm (D:2)
  8 orcs
  3 ball pythons
  7 bats
  6 giant cockroaches
  7 hobgoblins
  7 kobolds
  A quokka (D:2)
  4 giant geckos
  A giant gecko skeleton (D:4)
  4 giant newts
  12 goblins
  A rat (D:2)
81 creatures vanquished.

Notes
Turn   | Place    | Note
--------------------------------------------------------------
     0 | D:1      | derrpe the Demigod Ice Elementalist began the quest for the Orb.
     0 | D:1      | Reached XP level 1. HP: 14/14 MP: 5/5
   354 | D:1      | Reached skill level 3 in Ice Magic
   580 | D:1      | Reached XP level 2. HP: 20/20 MP: 2/7
  1145 | D:2      | Noticed Sigmund
  1166 | D:2      | Killed Sigmund
  1166 | D:2      | Reached skill level 1 in Fighting
  1166 | D:2      | Reached skill level 4 in Ice Magic
  1166 | D:2      | Reached XP level 3. HP: 3/29 MP: 0/9
  1166 | D:2      | Reached XP level 4. HP: 3/36 MP: 0/10
  1166 | D:2      | Reached XP level 5. HP: 3/41 MP: 0/11
  1516 | D:2      | Learned a level 3 spell: Ozocubu's Armour
  1521 | D:2      | Learned a level 4 spell: Condensation Shield
  1618 | D:2      | Noticed a human
  1619 | D:2      | Found a runed door.
  1811 | D:2      | Found a basalt altar of Yredelemnul.
  3276 | D:3      | Reached XP level 6. HP: 46/48 MP: 4/13
  3337 | D:4      | Found Onohusari's Magic Scroll Boutique.
  3362 | D:4      | Bought a scroll of enchant armour for 97 gold pieces
  4057 | D:4      | Noticed Ijyb
  4083 | D:4      | Killed Ijyb
  4083 | D:4      | Reached skill level 1 in Short Blades
  4083 | D:4      | Reached skill level 5 in Ice Magic
  4200 | D:4      | Slain by a gnoll

Vault maps used:
D:1:      erik_arrival_triangle_small
D:2:      first_bread, dk_yredelemnul_ordeal, uniq_sigmund
D:4:      kennysheep_the_goblin_king, nemelex_altar_shiori, serial_shops,
          nicolae_shop_statue_plus

Action                   |  1- 3 |  4- 6 || total
-------------------------+-------+-------++-------
Melee: Dagger            |    20 |       ||    20
       Spear             |    16 |     5 ||    21
       Rapier            |       |   121 ||   121
       Scythe            |       |    44 ||    44
Throw: Stone             |     3 |    26 ||    29
       Tomahawk          |       |    27 ||    27
 Cast: Freeze            |    32 |    60 ||    92
       Ozocubu's Armour  |       |    14 ||    14
       Condensation Shie |       |    10 ||    10
  Use: Potion            |     1 |       ||     1
       Scroll            |       |     7 ||     7
 Stab: Sleeping          |     1 |     2 ||     3
       Distracted        |       |     1 ||     1
  Eat: Chunk             |     1 |    11 ||    12
       Pizza             |       |     1 ||     1
